 Dungeon Crawl Stone Soup version 0.21.0-3-g78d12a8bdd (webtiles) character file.

4272 DIABLO2 the Fighter (level 10, -4/100 HPs)
             Began as a Minotaur Fighter on Jan 10, 2018.
             Was an Elder of Okawaru.
             Slain by an orc knight
             ... wielding a +0 war axe
              (11 damage)
             ... in a bailey.
             The game lasted 00:16:11 (7022 turns).

DIABLO2 the Fighter (Minotaur Fighter)              Turns: 7022, Time: 00:16:12

Health: -4/100     AC: 15    Str: 20    XL:     10   Next: 10%
Magic:  9/9        EV: 11    Int:  8    God:    Okawaru [****..]
Gold:   469        SH:  0    Dex: 14    Spells: 9/9 levels left

rFire    . . .     SeeInvis .   A - +1 war axe (elec)
rCold    . . .     Gourm    .   (no shield)
rNeg     + . .     Faith    .   m - +2 chain mail {rN+}
rPois    .         Spirit   .   (helmet restricted)
rElec    .         Reflect  .   (no cloak)
rCorr    .         Harm     .   (no gloves)
MR       .....                  u - +0 pair of boots
Stlth    ..........             (no amulet)
HPRegen  0.26/turn              r - +3 ring of intelligence
MPRegen  0.11/turn              C - +1 ring of slaying

@: no status effects
A: retaliatory headbutt, horns 2
a: Heroism, Renounce Religion


You were in a bailey.
You worshipped Okawaru.
Okawaru was greatly pleased with you.
You were hungry.

You visited 2 branches of the dungeon, and saw 8 of its levels.
You also visited: Sewer and Bailey.

You collected 469 gold pieces.

Inventory:

Hand Weapons
 t - a +0 morningstar
 A - a +1 war axe of electrocution (weapon)
Missiles
 e - 195 stones (quivered)
Armour
 m - a +2 chain mail of positive energy (worn)
 u - a +0 pair of boots (worn)
Jewellery
 r - a +3 ring of intelligence (left hand)
 x - an uncursed ring of magical power
 C - a +1 ring of slaying (right hand)
Wands
 l - a wand of random effects (25)
Scrolls
 c - 6 scrolls of magic mapping
 i - a scroll of fear {unknown}
 j - a scroll of blinking
 k - a scroll of fog
 n - 4 scrolls of amnesia {unknown}
 s - 9 scrolls of teleportation
 y - 2 scrolls of identify {@r1}
 z - a scroll of remove curse {@r2}
Potions
 d - a potion of might
 g - a potion of cancellation {unknown}
 h - 2 potions of curing {unknown}
 o - 2 potions of agility {unknown}
 p - 5 potions of brilliance
 q - a potion of ambrosia {unknown}
 v - a potion of invisibility {unknown}
 w - 4 potions of flight
 B - 2 potions of berserk rage {unknown}
Comestibles
 f - 14 rations


   Skills:
 * Level 12.6 Fighting
 - Level 2.4 Axes
 * Level 10.8 Armour
 + Level 6.0 Dodging
   Level 3.6 Shields


You had 9 spell levels left.
You didn't know any spells.

Dungeon Overview and Level Annotations

Branches:
Dungeon (7/15)             Temple (1/1) D:4

Altars:
Ashenzari
Cheibriados
Dithmenos
Elyvilon
Fedhas
Gozag
Hepliaklqana
Kikubaaqudgha
Makhleb
Nemelex Xobeh
Okawaru
Qazlal
Ru
Sif Muna
Trog
Uskayaw
Vehumet
Wu Jian
Xom
Yredelemnul
Zin
The Shining One

Shops:
D:6 =


Innate Abilities, Weirdness & Mutations

You reflexively headbutt those who attack you in melee.
You have a pair of horns on your head.


Message History

You barely miss the orc knight.
You headbutt the orc knight, but do no damage.
The orc knight is severely wounded.
The orc knight completely misses you.
You hit the orc knight but do no damage.
The orc knight is severely wounded.
The orc knight hits you with a war axe.
* * * LOW HITPOINT WARNING * * *
You hit the orc knight.
You headbutt the orc knight, but do no damage.
The orc knight is severely wounded.
The orc knight completely misses you. You furiously retaliate!
You headbutt the orc knight. You closely miss the orc knight.
The orc knight is almost dead.
The orc knight closely misses you.
You miss the orc knight. Your headbutt misses the orc knight.
The orc knight is almost dead.
The orc knight hits you with a war axe!
You die...

...............#.≈≈≈≈≈≈≈
...o.........8.#.≈≈≈≈≈≈≈
......_.......)'.≈≈≈≈≈≈≈
#..4........#)##.≈≈≈≈≈≈≈
############))#.≈≈≈≈≈≈≈
?.. +..% #..#.≈≈≈≈≈≈≈
?..# #..% #..#.≈≈≈≈≈≈≈
###.######..#.≈≈≈≈≈≈≈
...∩..^..'..#@≈≈≈≈≈≈≈
###.#########o#≈≈≈≈≈≈
#....#≈≈≈≈≈≈
#....#≈≈≈≈≈≈
#..###≈≈≈≈≈≈ #.. ≈≈≈≈≈
### ≈≈≈≈


You could see an orc knight.

Vanquished Creatures
  Pikel (D:6)
  2 orc sorcerers (Bailey)
  Grinder (D:6)
  A hippogriff (D:7)
  Prince Ribbit (D:6)
  Edmund (D:5)
  The ghost of Kublaii the Chucker, an amateur TrHu (D:3)
  4 orc warriors (Bailey)
  2 sky beasts
  2 slaves (D:6)
  2 phantoms
  2 centaurs
  2 bullfrogs
  A scorpion (D:5)
  A water moccasin skeleton (D:6)
  6 howler monkeys
  An electric eel (Bailey)
  A crimson imp (D:7)
  4 hounds
  A jelly (D:5)
  2 orc wizards (D:5)
  2 orc priests
  A centaur skeleton (D:7)
  An iguana (D:4)
  3 worker ants
  Natasha (thrice) (D:2)
  A hound zombie (D:7)
  A hound skeleton (D:4)
  A worker ant zombie (D:5)
  8 adders
  3 gnolls (Bailey)
  2 river rats (D:4)
  A shadow imp (D:2)
  7 oozes
  10 worms
  5 leopard geckos
  28 orcs
  12 bats
  9 giant cockroaches
  14 goblins
  10 hobgoblins
  17 jackals
  3 quokkas
  A ball python (D:3)
  9 frilled lizards
  A jackal skeleton (D:4)
  A jackal zombie (D:5)
  4 kobolds
  A leopard gecko skeleton (D:4)
  8 rats
206 creatures vanquished.

Vanquished Creatures (others)
  A bullfrog (D:6)
  An orc (Bailey)
2 creatures vanquished.

Grand Total: 208 creatures vanquished

Notes
Turn   | Place    | Note
-------+----------+-------------------------------------------
     0 | D:1      | DIABLO2 the Minotaur Fighter began the quest for the Orb.
     0 | D:1      | Reached XP level 1. HP: 19/19 MP: 0/0
    55 | D:1      | Reached skill level 4 in Fighting
   143 | D:1      | Reached XP level 2. HP: 28/28 MP: 1/1
   603 | D:2      | Found a blossoming altar of Fedhas.
   638 | D:2      | Reached skill level 5 in Fighting
   638 | D:2      | Reached XP level 3. HP: 27/36 MP: 2/2
  1005 | D:2      | Noticed Natasha
  1012 | D:2      | Killed Natasha
  1012 | D:2      | Reached skill level 6 in Fighting
  1012 | D:2      | Reached XP level 4. HP: 38/44 MP: 3/3
  1118 | D:2      | Noticed Natasha
  1124 | D:2      | Killed Natasha
  1141 | D:2      | Found a faded altar of an unknown god.
  1288 | D:2      | Noticed Natasha
  1297 | D:2      | Killed Natasha
  1297 | D:2      | Reached skill level 7 in Fighting
  1297 | D:2      | Reached XP level 5. HP: 22/52 MP: 4/4
  1536 | D:3      | Noticed Kublaii's ghost (amateur TrHu)
  1874 | D:3      | Killed Kublaii's ghost
  1874 | D:3      | Reached skill level 8 in Fighting
  2125 | D:3      | Reached XP level 6. HP: 30/61 MP: 5/5
  2666 | D:4      | Found a glowing drain.
  2691 | Sewer    | Entered a sewer
  3304 | D:4      | Reached skill level 5 in Armour
  3353 | D:4      | Found an opulent altar of Gozag.
  3379 | D:4      | Found a staircase to the Ecumenical Temple.
  3435 | Temple   | Entered the Ecumenical Temple
  3510 | Temple   | Became a worshipper of Warmaster Okawaru
  3598 | D:4      | Reached XP level 7. HP: 67/69 MP: 6/6
  3937 | D:4      | Reached skill level 9 in Fighting
  4259 | D:5      | Entered Level 5 of the Dungeon
  4259 | D:5      | Noticed Edmund
  4271 | D:5      | Killed Edmund
  4271 | D:5      | Reached skill level 1 in Dodging
  4276 | D:5      | HP: 2/70 [acid (10)]
  4876 | D:5      | Reached * piety under Okawaru
  4952 | D:5      | Found a burning altar of Makhleb.
  4952 | D:5      | Found a faded altar of an unknown god.
  4957 | D:5      | Found a hazy altar of Hepliaklqana.
  4959 | D:5      | Found a shadowy altar of Dithmenos.
  4961 | D:5      | Found a faded altar of an unknown god.
  5038 | D:5      | Reached XP level 8. HP: 71/79 MP: 7/7
  5257 | D:6      | Found Suceecen's Jewellery Shoppe.
  5312 | D:6      | Reached skill level 10 in Fighting
  5395 | D:6      | Noticed Grinder
  5398 | D:6      | Paralysed by Grinder for 4 turns
  5413 | D:6      | Paralysed by Grinder for 5 turns
  5425 | D:6      | Paralysed by Grinder for 4 turns
  5433 | D:6      | Killed Grinder
  5507 | D:6      | Noticed Prince Ribbit
  5581 | D:6      | Found a sacrificial altar of Ru.
  5623 | D:6      | Noticed Pikel
  5638 | D:6      | Reached ** piety under Okawaru
  5641 | D:6      | Killed Pikel
  5641 | D:6      | Reached skill level 11 in Fighting
  5641 | D:6      | Reached XP level 9. HP: 20/89 MP: 8/8
  5645 | D:6      | Killed Prince Ribbit
  5645 | D:6      | Reached *** piety under Okawaru
  6223 | D:7      | Found a shadowy altar of Dithmenos.
  6297 | D:7      | Reached skill level 5 in Dodging
  6392 | D:7      | Found a flagged portal.
  6401 | Bailey   | Entered a bailey
  6532 | Bailey   | Identified a scroll of acquirement
  6562 | Bailey   | Reached skill level 10 in Armour
  6565 | Bailey   | Reached skill level 12 in Fighting
  6578 | Bailey   | Found an iron altar of Okawaru.
  6578 | Bailey   | Noticed an orc sorcerer
  6578 | Bailey   | Noticed an orc sorcerer
  6589 | Bailey   | Reached **** piety under Okawaru
  6591 | Bailey   | Killed an orc sorcerer
  6596 | Bailey   | Noticed a sun demon
  6596 | Bailey   | Killed an orc sorcerer
  6634 | Bailey   | Reached XP level 10. HP: 62/99 MP: 9/9
  6999 | Bailey   | Noticed an orc knight
  7022 | Bailey   | Slain by an orc knight

Skill      XL: |  1  2  3  4  5  6  7  8  9 10 |
---------------+-------------------------------+-----
Fighting       | 4 5 6 7 8 9 11 12 | 12.6
Armour         | 5 6 8 10 | 10.8
Dodging        | 2 4 5 6 |  6.0
Axes           | |  2.4
Shields        | |  3.6

Action                   |  1- 3 |  4- 6 |  7- 9 | 10-12 || total
-------------------------+-------+-------+-------+-------++-------
Melee: War axe           |    56 |   155 |   272 |    37 ||   520
       Headbutt          |     8 |    28 |    54 |     8 ||    98
  Use: Scroll            |       |    10 |     4 |       ||    14
  Eat: Chunk             |       |     9 |    10 |     1 ||    20
Armor: Scale mail        |    40 |    80 |    31 |       ||   151
       Chain mail        |       |       |   166 |     8 ||   174
Dodge: Dodged            |    38 |    80 |   192 |    21 ||   331
